SL
LAS VEGAS FLAMINGOS @ AUSTIN RANGERS
09/21/2020
 
TOP OF THE 1ST
Las Vegas Flamingos batting - Pitching for Austin Rangers : RHP Art Adams
Pitching: RHP Art Adams
Batting: RHB Travis Newsome 0-0: Called Strike
0-1: Foul Ball, location: 2F
0-2: Strikes out swinging
Batting: LHB José Meléndez 0-0: Called Strike
0-1: Ball
1-1: Fly out, F8 (Flyball, 8LS)
Batting: RHB Bill Taylor 0-0: Called Strike
0-1: Ball
1-1: Ground out 5-3 (Groundball, 56)
Top of the 1st over - 0 run(s), 0 hit(s), 0 error(s), 0 left on base; Las Vegas 0 - Austin 0
BOTTOM OF THE 1ST
Austin Rangers batting - Pitching for Las Vegas Flamingos : LHP Allen Blair
Pitching: LHP Allen Blair
Batting: LHB Phil Ritchie 0-0: Swinging Strike
0-1: Ball
1-1: Swinging Strike
1-2: Foul Ball, location: 2F
1-2: Ball
2-2: Foul Ball, location: 2F
2-2: Ball
3-2: Strikes out looking
Batting: RHB Joaquín Parra 0-0: Called Strike
0-1: Ball
1-1: Foul Ball, location: 2F
1-2: Fly out, F8 (Flyball, 8LM)
Batting: RHB Randy Gregory 0-0: Foul Ball, location: 2F
0-1: Ground out 6-3 (Groundball, 6)
Bottom of the 1st over - 0 run(s), 0 hit(s), 0 error(s), 0 left on base; Las Vegas 0 - Austin 0
TOP OF THE 2ND
Las Vegas Flamingos batting - Pitching for Austin Rangers : RHP Art Adams
Batting: RHB Jeff Young 0-0: DOUBLE (Line Drive, 7LM)
Batting: RHB Matt Sheppard 0-0: Swinging Strike
0-1: Foul Ball, location: 2F
0-2: Foul Ball, location: 2F
0-2: Ground out 4-3 (Groundball, 4)
Jeff Young to third
Batting: LHB Ron Goodwin 0-0: Foul Ball, location: 2F
0-1: Called Strike
0-2: Ground out 6-3 (Groundball, 6)
Jeff Young scores
Batting: RHB Steven Talley 0-0: Called Strike
0-1: Swinging Strike
0-2: Ball
1-2: Ball
2-2: Foul Ball, location: 2F
2-2: Ground out 6-3 (Groundball, 6)
Top of the 2nd over - 1 run(s), 1 hit(s), 0 error(s), 0 left on base; Las Vegas 1 - Austin 0
BOTTOM OF THE 2ND
Austin Rangers batting - Pitching for Las Vegas Flamingos : LHP Allen Blair
Batting: LHB Trent Kershaw 0-0: Ball
1-0: Called Strike
1-1: Foul Ball, location: 2F
1-2: Foul Ball, location: 2F
1-2: Ball
2-2: Fly out, F6 (Popup, 56D)
Batting: RHB Max White 0-0: Foul Ball, location: 2F
0-1: Fly out, F8 (Flyball, 8LD)
Batting: SHB Todd Schenkel 0-0: Called Strike
0-1: Ball
1-1: Ball
2-1: Foul Ball, location: 2F
2-2: Strikes out looking
Bottom of the 2nd over - 0 run(s), 0 hit(s), 0 error(s), 0 left on base; Las Vegas 1 - Austin 0
TOP OF THE 3RD
Las Vegas Flamingos batting - Pitching for Austin Rangers : RHP Art Adams
Batting: RHB Terry Sylvester 0-0: Ball
1-0: Ball
2-0: Ball
3-0: Base on Balls
Batting: RHB Allen Blair 0-0: Sac Bunt - play at first, batter OUT! 6-4
Terry Sylvester to second
Batting: RHB Travis Newsome 0-0: Called Strike
0-1: Ball
1-1: Fly out, F9 (Flyball, 9LDF)
Runner from 2nd tags up, SAFE at 3rd, no throw
Batting: LHB José Meléndez 0-0: Ball
1-0: Ball
2-0: Ball
3-0: Base on Balls
Batting: RHB Bill Taylor 0-0: Swinging Strike
0-1: SINGLE (Groundball, 34D) (infield hit)
Terry Sylvester scores
José Meléndez to second
Batting: RHB Jeff Young 0-0: Ball
1-0: Swinging Strike
1-1: Reached on error, E5 (Groundball, 56)
José Meléndez to third
Bill Taylor to second
Batting: RHB Matt Sheppard 0-0: Ball
1-0: DOUBLE (Flyball, 78M)
José Meléndez scores
Bill Taylor scores
Jeff Young to third
Batting: LHB Ron Goodwin 0-0: Called Strike
0-1: Ball
1-1: Ground out 4-3 (Groundball, 4)
Top of the 3rd over - 3 run(s), 2 hit(s), 1 error(s), 2 left on base; Las Vegas 4 - Austin 0
BOTTOM OF THE 3RD
Austin Rangers batting - Pitching for Las Vegas Flamingos : LHP Allen Blair
Batting: RHB Juan Alvarado 0-0: Fly out, F8 (Flyball, 8RM)
Batting: RHB Joseph Pate 0-0: Called Strike
0-1: Called Strike
0-2: Ball
1-2: DOUBLE (Line Drive, 78M)
Batting: RHB Art Adams 0-0: Ball
1-0: Ball
2-0: Ground out 4-3 (Groundball, 34)
Joseph Pate to third
Batting: LHB Phil Ritchie 0-0: Ball
1-0: Ball
2-0: Called Strike
2-1: Foul Ball, location: 2F
2-2: Ball
3-2: Strikes out swinging
Bottom of the 3rd over - 0 run(s), 1 hit(s), 0 error(s), 1 left on base; Las Vegas 4 - Austin 0
TOP OF THE 4TH
Las Vegas Flamingos batting - Pitching for Austin Rangers : RHP Art Adams
Batting: RHB Steven Talley 0-0: Ball
1-0: Ball
2-0: Foul Ball, location: 2F
2-1: Ball
3-1: Base on Balls
Batting: RHB Terry Sylvester 0-0: Ball
1-0: Called Strike
1-1: Swinging Strike
1-2: Reached on error, E6 (Groundball, 6M)
Steven Talley to second
Batting: RHB Allen Blair 0-0: Sac Bunt - play at first, batter OUT! 5-4
Steven Talley to third
Terry Sylvester to second
Batting: RHB Travis Newsome 0-0: Called Strike
0-1: Swinging Strike
0-2: Ball
1-2: Ball
2-2: Foul Ball, location: 2F
2-2: Strikes out swinging
Batting: LHB José Meléndez 0-0: Called Strike
0-1: Foul Ball, location: 2F
0-2: Ball
1-2: Foul Ball, location: 2F
1-2: SINGLE (Line Drive, 7S)
Steven Talley scores
Terry Sylvester to third
Runner from 3rd tries for Home, SAFE, no throw or cutoff
Pitching: LHP Sergio Garza
Batting: RHB Bill Taylor 0-0: Ball
Balk!
José Meléndez to second
1-0: Ball
2-0: Ball
3-0: Base on Balls
Batting: RHB Jeff Young 0-0: Foul Ball, location: 2F
0-1: Ball
1-1: Foul Ball, location: 2F
1-2: Ball
2-2: Strikes out swinging
Top of the 4th over - 2 run(s), 1 hit(s), 1 error(s), 2 left on base; Las Vegas 6 - Austin 0
BOTTOM OF THE 4TH
Austin Rangers batting - Pitching for Las Vegas Flamingos : LHP Allen Blair
Batting: RHB Joaquín Parra 0-0: Called Strike
0-1: SOLO HOME RUN (Flyball, 9LD), Distance : 386 ft
Batting: RHB Randy Gregory 0-0: Called Strike
0-1: Foul Ball, location: 2F
0-2: Reached on Error, E3 (Line Drive, 3S)
Batting: LHB Trent Kershaw 0-0: Ball
1-0: Foul Ball, location: 2F
1-1: Foul Ball, location: 2F
1-2: Fly out, F9 (Flyball, 8RM)
Batting: RHB Max White 0-0: Ball
Wild Pitch!
Randy Gregory to second
1-0: Ball
2-0: Ball
3-0: Called Strike
3-1: Ground out 6-3 (Groundball, 6M)
Randy Gregory to third
Batting: SHB Todd Schenkel 0-0: Called Strike
0-1: Ball
1-1: Foul Ball, location: 2F
1-2: Ground out 6-3 (Groundball, 6)
Bottom of the 4th over - 1 run(s), 1 hit(s), 1 error(s), 1 left on base; Las Vegas 6 - Austin 1
TOP OF THE 5TH
Las Vegas Flamingos batting - Pitching for Austin Rangers : LHP Sergio Garza
Batting: RHB Matt Sheppard 0-0: Called Strike
0-1: Foul Ball, location: 2F
0-2: Ball
1-2: Ball
2-2: Foul Ball, location: 2F
2-2: Strikes out looking
Batting: LHB Ron Goodwin 0-0: Hit by Pitch
Batting: RHB Steven Talley 0-0: Ball
1-0: Ball
2-0: Ball
3-0: Base on Balls
Ron Goodwin to second
Batting: RHB Terry Sylvester 0-0: Swinging Strike
0-1: Swinging Strike
0-2: Strikes out swinging
Batting: RHB Allen Blair 0-0: Foul Ball, location: 2F
0-1: Ball
1-1: Ball
2-1: Ball
3-1: Foul Ball, location: 2F
3-2: Strikes out swinging
Top of the 5th over - 0 run(s), 0 hit(s), 0 error(s), 2 left on base; Las Vegas 6 - Austin 1
BOTTOM OF THE 5TH
Austin Rangers batting - Pitching for Las Vegas Flamingos : LHP Allen Blair
Batting: RHB Juan Alvarado 0-0: Swinging Strike
0-1: Swinging Strike
0-2: Strikes out looking
Batting: RHB Joseph Pate 0-0: TRIPLE (Flyball, 8LS)
Batting: LHB Sergio Garza 0-0: Called Strike
0-1: Ball
1-1: Ball
2-1: SINGLE (Groundball, 34S)
Joseph Pate scores
Batting: LHB Phil Ritchie 0-0: Ball
1-0: Ball
2-0: Foul Ball, location: 2F
2-1: Swinging Strike
2-2: Ball
3-2: Foul Ball, location: 2F
3-2: Strikes out swinging
Batting: RHB Joaquín Parra 0-0: Ball
1-0: Fly out, F7 (Flyball, 7M)
Bottom of the 5th over - 1 run(s), 2 hit(s), 0 error(s), 1 left on base; Las Vegas 6 - Austin 2
TOP OF THE 6TH
Las Vegas Flamingos batting - Pitching for Austin Rangers : LHP Sergio Garza
Batting: RHB Travis Newsome 0-0: Ball
1-0: Called Strike
1-1: Ball
2-1: Ball
3-1: Base on Balls
Batting: LHB José Meléndez 0-0: Called Strike
0-1: Called Strike
0-2: Ball
1-2: Foul Ball, location: 2F
1-2: Foul Ball, location: 2F
1-2: Ground out 5-3 (Groundball, 5S)
Travis Newsome to second
Batting: RHB Bill Taylor 0-0: Ball
1-0: Ball
2-0: Ball
3-0: Called Strike
3-1: Called Strike
3-2: Foul Ball, location: 2F
3-2: SINGLE (Line Drive, 9LM)
Travis Newsome to third
Runner from 3rd tries for Home, SAFE, no throw or cutoff
Batting: RHB Jeff Young 0-0: Ball
1-0: Grounds into double play, 5-4-3 (Groundball, 5)
Top of the 6th over - 1 run(s), 1 hit(s), 0 error(s), 0 left on base; Las Vegas 7 - Austin 2
BOTTOM OF THE 6TH
Austin Rangers batting - Pitching for Las Vegas Flamingos : LHP Allen Blair
Batting: RHB Randy Gregory 0-0: SINGLE (Groundball, 34D)
Batting: LHB Trent Kershaw 0-0: Ball
1-0: Ball
2-0: Ball
3-0: Called Strike
3-1: Fielders Choice at 2nd, 4-6 (Groundball, 34)
Batting: RHB Max White 0-0: Called Strike
0-1: Ball
1-1: Foul Ball, location: 2F
1-2: Ball
2-2: Strikes out swinging
Batting: SHB Todd Schenkel 0-0: Ball
1-0: Called Strike
1-1: Fly out, F7 (Line Drive, 7S)
Bottom of the 6th over - 0 run(s), 1 hit(s), 0 error(s), 1 left on base; Las Vegas 7 - Austin 2
TOP OF THE 7TH
Las Vegas Flamingos batting - Pitching for Austin Rangers : LHP Sergio Garza
Batting: RHB Matt Sheppard 0-0: Ball
1-0: Foul Ball, location: 2F
1-1: Foul Ball, location: 2F
1-2: Strikes out swinging
Batting: LHB Ron Goodwin 0-0: Fly out, F8 (Line Drive, 8LM)
Pitching: RHP Javier Hernández
Batting: RHB Steven Talley 0-0: Ball
1-0: Foul Ball, location: 2F
1-1: Swinging Strike
1-2: Ball
2-2: SINGLE (Line Drive, 7S)
Batting: RHB Terry Sylvester 0-0: Ball
1-0: Foul Ball, location: 2F
1-1: Ball
2-1: DOUBLE (Line Drive, 7LM)
Steven Talley to third
Runner from 3rd tries for Home, SAFE, no throw or cutoff
Batting: RHB Allen Blair 0-0: Foul Ball, location: 2F
0-1: Ball
1-1: SINGLE (Groundball, 56D)
Terry Sylvester to third
Runner from 3rd tries for Home, SAFE, no throw or cutoff
Batting: RHB Travis Newsome 0-0: Fly out, F7 (Flyball, 7D)
Top of the 7th over - 2 run(s), 3 hit(s), 0 error(s), 1 left on base; Las Vegas 9 - Austin 2
BOTTOM OF THE 7TH
Austin Rangers batting - Pitching for Las Vegas Flamingos : LHP Allen Blair
Batting: RHB Juan Alvarado 0-0: Called Strike
0-1: Ball
1-1: Fly out, F8 (Flyball, 8RXD)
Batting: RHB Joseph Pate 0-0: Called Strike
0-1: Called Strike
0-2: Ball
1-2: Strikes out swinging
Pinch Hitting: LHB Jon MacIntyre 0-0: Ball
1-0: Called Strike
1-1: Called Strike
1-2: SINGLE (Flyball, 8RM) - OUT at second base trying to stretch hit.
Bottom of the 7th over - 0 run(s), 1 hit(s), 0 error(s), 0 left on base; Las Vegas 9 - Austin 2
TOP OF THE 8TH
Las Vegas Flamingos batting - Pitching for Austin Rangers : RHP Javier Hernández
Pitching: RHP Joe Johnson
Batting: LHB José Meléndez 0-0: Called Strike
0-1: Ball
1-1: Foul Ball, location: 2F
1-2: Foul Ball, location: 2F
1-2: Ball
2-2: Ball
3-2: Foul Ball, location: 2F
3-2: Fly out, F7 (Flyball, 78S)
Batting: RHB Bill Taylor 0-0: Called Strike
0-1: Called Strike
0-2: Ball
1-2: Ball
2-2: Foul Ball, location: 2F
2-2: Ball
3-2: Ground out 5-3 (Groundball, 5L)
Batting: RHB Jeff Young 0-0: Ball
1-0: Called Strike
1-1: Ball
2-1: Foul Ball, location: 2F
2-2: SOLO HOME RUN (Flyball, 7D), Distance : 381 ft
Batting: RHB Matt Sheppard 0-0: Called Strike
0-1: Swinging Strike
0-2: Ball
1-2: DOUBLE (Flyball, 7LM)
Batting: LHB Ron Goodwin 0-0: Called Strike
0-1: Ball
1-1: Called Strike
1-2: SINGLE (Groundball, 3D)
Matt Sheppard to third
Runner from 3rd tries for Home, SAFE, no throw or cutoff
Batting: RHB Steven Talley 0-0: Called Strike
0-1: Fly out, F6 (Line Drive, 6)
Top of the 8th over - 2 run(s), 3 hit(s), 0 error(s), 1 left on base; Las Vegas 11 - Austin 2
BOTTOM OF THE 8TH
Austin Rangers batting - Pitching for Las Vegas Flamingos : LHP Allen Blair
Now at 1B: Kyle Dempsey
Batting: LHB Phil Ritchie 0-0: Ball
1-0: Called Strike
1-1: Foul Ball, location: 2F
1-2: Ball
2-2: Ball
3-2: Base on Balls
Batting: RHB Joaquín Parra 0-0: Foul Ball, location: 2F
0-1: Ground out 6-3 (Groundball, 6MS)
Phil Ritchie to second
Batting: RHB Randy Gregory 0-0: Ball
1-0: Ball
2-0: Called Strike
2-1: Fly out, F9 (Popup, 4D)
Batting: LHB Trent Kershaw 0-0: Ball
1-0: Ball
2-0: Called Strike
2-1: Fly out, F7 (Popup, 78S)
Bottom of the 8th over - 0 run(s), 0 hit(s), 0 error(s), 1 left on base; Las Vegas 11 - Austin 2
TOP OF THE 9TH
Las Vegas Flamingos batting - Pitching for Austin Rangers : RHP Joe Johnson
Batting: RHB Terry Sylvester 0-0: Ball
1-0: Ball
2-0: DOUBLE (Flyball, 8LXD)
Pinch Hitting: RHB David Gómez 0-0: Ground out 1-3 (Groundball, 13S)
Terry Sylvester to third
Batting: RHB Travis Newsome 0-0: Called Strike
0-1: Swinging Strike
0-2: Fly out, F7 (Flyball, 7LD)
Runner from 3rd tags up, SCORES, no throw
Batting: LHB José Meléndez 0-0: Ball
1-0: Ball
2-0: Ball
3-0: Base on Balls
Batting: RHB Bill Taylor 0-0: Ball
1-0: Ball
2-0: Ball
3-0: Base on Balls
José Meléndez to second
Batting: RHB Jeff Young 0-0: Swinging Strike
0-1: Ball
1-1: Foul Ball, location: 2F
1-2: Foul Ball, location: 2F
1-2: DOUBLE (Flyball, 78D)
José Meléndez scores
Bill Taylor to third
Runner from 3rd tries for Home, SAFE, no throw or cutoff
Pitching: RHP Owen Henderson
Batting: RHB Matt Sheppard 0-0: Foul Ball, location: 2F
0-1: Ball
1-1: Ball
2-1: Foul Ball, location: 2F
2-2: Ground out 6-3 (Groundball, 6)
Top of the 9th over - 3 run(s), 2 hit(s), 0 error(s), 1 left on base; Las Vegas 14 - Austin 2
BOTTOM OF THE 9TH
Austin Rangers batting - Pitching for Las Vegas Flamingos : LHP Allen Blair
Pitching: RHP Jeff Pearson
Now at 2B: Manny Freitas
Batting: RHB Max White 0-0: Ball
1-0: Called Strike
1-1: Called Strike
1-2: Ball
2-2: Foul Ball, location: 2F
2-2: Strikes out swinging
Batting: SHB Todd Schenkel 0-0: Called Strike
0-1: Foul Ball, location: 2F
0-2: Ball
1-2: Fly out, F2 (Popup, 2RF)
Batting: RHB Juan Alvarado 0-0: SINGLE (Groundball, 56D)
Batting: RHB Joseph Pate 0-0: Ball
1-0: Called Strike
1-1: Ball
2-1: Called Strike
2-2: Foul Ball, location: 2F
2-2: Foul Ball, location: 2F
2-2: Ground out 1-3 (Groundball, 15S)
Bottom of the 9th over - 0 run(s), 1 hit(s), 0 error(s), 1 left on base; Las Vegas 14 - Austin 2
This league is powered by Out of the Park Baseball, the baseball management simulation game for PC, Mac and Linux
Friday, October 23rd, 2015 - OOTP Baseball 16.9 Build 39